 Dungeon Crawl Stone Soup version 0.30-a0-169-g06f667207d (webtiles) character file.

Game seed: 12256116013441081415

30042 qw the Cleaver (level 13, -2/82 HPs)
             Began as a Gargoyle Fighter on Sept 29, 2022.
             Was a High Priest of Okawaru.
             Slain by a death yak (9 damage)
             ... on level 3 of the Lair of Beasts.
             The game lasted 00:04:21 (10793 turns).

qw the Cleaver (Gargoyle Fighter)                  Turns: 10793, Time: 00:04:22

Health: -2/82      AC: 33    Str: 24    XL:     13   Next: 49%
Magic:  13/20      EV:  8    Int: 10    God:    Okawaru [*****.]
Gold:   747        SH: 12    Dex:  9    Spells: 12/12 levels left

rFire   . . .      SeeInvis .    Y - +2 war axe (drain)
rCold   . . .      Faith    .    t - +0 kite shield
rNeg    + . .      Spirit   .    j - +0 plate armour
rPois   inf        Reflect  .    r - +2 helmet
rElec   +          Harm     .    m - +0 cloak
rCorr   +          Rampage  .    (no gloves)
Will    .....                    f - +1 pair of boots
Stlth   ..........               o - amulet of regeneration
HPRegen 1.03/turn                w - ring of resist corrosion
MPRegen 0.17/turn                (no ring)

@: about to teleport, heroic, finesse-ful
A: sickness immunity, AC +9, negative energy resistance 1, electricity
resistance, torment resistance 1, petrification resistance
a: Renounce Religion, Heroism, Finesse, Duel


You were on level 3 of the Lair of Beasts.
You worshipped Okawaru.
Okawaru was extremely pleased with you.
You visited 3 branches of the dungeon, and saw 14 of its levels.

You collected 823 gold pieces.
You spent 76 gold pieces at shops.


Innate Abilities, Weirdness & Mutations

You are immune to sickness and miasma.
Your stone body is resilient. (AC +9)
You are immune to poison.
You resist negative energy. (rN+)
You are resistant to electric shocks. (rElec)
You are resistant to unholy torment.
You are immune to petrification.


   Skills:
 - Level 10.0(15.0) Fighting
 - Level 13.0(18.0) Axes
 - Level 3.6(8.6) Throwing
 - Level 9.0(14.0) Armour
 - Level 2.0(7.0) Dodging
 + Level 10.9(15.9) Shields
 + Level 9.4 Invocations


You had 12 spell levels left.
You didn't know any spells.
Your spell library was empty.

Inventory:

Hand Weapons
 h - a +2 hand axe of flaming
 Y - a +2 war axe of draining (weapon)
Missiles
 q - 6 boomerangs (quivered)
 x - a javelin
Armour
 f - a +1 pair of boots (worn)
 j - a +0 plate armour (worn)
 m - a +0 cloak (worn)
 r - a +2 helmet (worn)
 t - a +0 kite shield (worn)
Jewellery
 b - a ring of resist corrosion
 o - an amulet of regeneration (around neck)
 w - a ring of resist corrosion (left hand)
 z - a ring of ice
Scrolls
 a - 9 scrolls of teleportation
 g - a scroll of identify
Potions
 c - a potion of heal wounds
 d - 9 potions of might
 e - 2 potions of mutation
 i - 3 potions of attraction
 k - a potion of resistance
 l - 2 potions of cancellation
 p - 8 potions of curing
 s - a potion of haste
 v - a potion of magic

Dungeon Overview and Level Annotations

Branches:
Dungeon (9/15)             Temple (1/1) D:6            Lair (4/5) D:9
  Swamp (0/4) Lair:3       Spider (0/4) Lair:3
  Slime: Lair:4-5       Orc: D:9-12

Altars:
Ashenzari
Cheibriados
Dithmenos
Elyvilon
Fedhas
Gozag
Hepliaklqana
Kikubaaqudgha
Makhleb
Nemelex Xobeh
Okawaru
Ru
Sif Muna
Trog
Uskayaw
Vehumet
Wu Jian
Xom
Yredelemnul
The Shining One

Shops:
D:3 *:(:


Message History

Magic restored.
Done exploring.
Done exploring.
(D) Dungeon (T) Temple (L) Lair (S) Swamp (N) Spider Nest
Where to? (* - list waypoints, Enter - Lair:4, ? - help)
What level of the Lair of Beasts? (default 1, ? - help)
You climb downwards.
You feel an oppressive heat about you.
There is an entrance to a volcano on this level.
Hurry and find it before the entrance collapses!
The death yak gores you. You block the death yak's attack.
The death yak gores you.
The death yak gores you but does no damage.
There is a stone staircase leading up here.
10789 ||| STAIRDANCE The wyvern hisses angrily.
The death yak gores you!
The death yak gores you but does no damage.
You block the death yak's attack.
The death yak gores you but does no damage. x2
You climb upwards.
There is a stone staircase leading down here.
10791 ||| INVOKING Heroism.
You gain the combat prowess of a mighty hero.
You block the death yak's attack.
The death yak gores you but does no damage.
The death yak gores you!! The death yak gores you!
The death yak gores you but does no damage.
10792 ||| INVOKING Finesse.
You can now deal lightning-fast blows.
The death yak closely misses you. The death yak gores you!
The death yak closely misses you. The death yak gores you!
The death yak barely misses you.
10793 ||| READING 10 scrolls of teleportation.
As you read the scroll of teleportation, it crumbles to dust.
You feel strangely unstable. You block the death yak's attack.
The death yak gores you but does no damage.
The death yak gores you! x2
You die...

##....##...### #.............
#............. ##...##....... ###
####...##......# ## ###.##
#P..............
.#######....######.....##........
.##P.##.....##.YY##....#.........
.....###.....#?Y@##...##.........
...<.##........YY................
.P.......<............#....#.....
.....................##........7~
........###........###......##.~.
...##P..##.###.##.#......P.#.77..
..##.....### ######..#...#.).7..~
.....#...# ##.####....7...
##...#...###########..# #[...7.~.


You could see 5 death yaks.

Vanquished Creatures
  Kirke (Lair:3)
  3 hydras
  A boulder beetle (Lair:1)
  6 death yaks
  2 black mambas
  7 cane toads
  Maggie (D:6)
  5 komodo dragons
  A rime drake (Lair:3)
  4 blink frogs (Lair:2)
  Prince Ribbit (D:8)
  A jumping spider (Lair:3)
  Sigmund (D:6)
  12 yaks
  Eustachio (D:6)
  3 wyverns (Lair:3)
  3 hogs (Lair:3)
  4 basilisks
  4 steam dragons
  5 swamp worms (Lair:3)
  An acid dragon (D:5)
  Duvessa (D:4)
  4 water moccasins
  4 orc warriors
  3 ice beasts
  A sky beast (D:8)
  4 black bears (Lair:2)
  12 wolves (Lair:3)
  3 ogres
  6 centaurs
  2 kobold brigands
  9 bullfrogs
  A necrophage (D:5)
  A gnoll sergeant (D:8)
  2 scorpions
  9 wights
  Dowan (D:4)
  2 killer bees (D:8)
  2 howler monkeys
  3 electric eels (Lair:3)
  3 orc priests
  5 hounds
  A gnoll bouda (D:9)
  6 iguanas
  11 orc wizards
  6 hell rats (Lair:3)
  6 gnolls
  2 adders
  A shadow imp (D:7)
  6 white imps
  An ufetubus (D:4)
  2 worms (D:2)
  4 dart slugs
  32 orcs
  10 ball pythons
  4 endoplasms
  3 giant cockroaches
  4 goblins
  7 hobgoblins
  4 jackals
  11 kobolds
  2 quokkas
  4 bats (D:3)
  2 frilled lizards
  2 rats (D:2)
276 creatures vanquished.

Vanquished Creatures (others)
  A sky beast (D:8)
  An orc (D:7)
  12 fungi
  9 plants
23 creatures vanquished.

Grand Total: 299 creatures vanquished

Notes
Turn   | Place    | Note
-------+----------+-------------------------------------------
     0 | D:1      | qw the Gargoyle Fighter began the quest for the Orb.
     0 | D:1      | Reached XP level 1. HP: 14/14 MP: 1/1
     0 | D:1      | 0 ||| qw: Version: 0.2-a-12-gaebbb33
     0 | D:1      | 0 ||| qw: Game counter: 1288
     0 | D:1      | 0 ||| qw: Always use a shield: true
     0 | D:1      | 0 ||| qw: God list: Okawaru
     0 | D:1      | 0 ||| qw: Allow faded altars: false
     0 | D:1      | 0 ||| qw: Do Orc after D:15 true
     0 | D:1      | 0 ||| qw: Do second Lair branch before Depths: true
     0 | D:1      | 0 ||| qw: Lair rune preference: random
     0 | D:1      | 0 ||| qw: Plans: Normal, Zot:1-4, God:TSO, Crypt, Tomb,
                  | Pan, Slime:5, Hells, Abyss, Orb
     0 | D:1      | 0 ||| PLANNING D:1-11
    99 | D:1      | Reached skill level 2 in Axes
   583 | D:1      | Reached XP level 2. HP: 9/19 MP: 2/2
   886 | D:1      | 886 ||| Stepping ~*~*~tactically~*~*~ (stealth).
  1176 | D:1      | 1176 ||| UPGRADING to +0 pair of boots.
  1181 | D:1      | 1181 ||| READING 2 scrolls labelled BOPLAEVUUVI.
  1186 | D:1      | 1186 ||| READING 4 scrolls labelled DUSHRE REMOR.
  1187 | D:1      | 1187 ||| READING scroll labelled WATZEA ZYEW.
  1288 | D:1      | 1288 ||| READING scroll labelled PYALOCET JIERPH.
  1289 | D:1      | 1289 ||| READING scroll labelled EXEKOE LI JUCAY.
  1290 | D:1      | 1290 ||| READING 3 scrolls of identify.
  1290 | D:1      | 1290 ||| IDENTIFYING bubbling emerald potion
  1337 | D:2      | 1337 ||| STAIRDANCE
  1424 | D:2      | Reached skill level 3 in Axes
  1517 | D:2      | Reached skill level 1 in Throwing
  1517 | D:2      | Reached XP level 3. HP: 23/23 MP: 3/3
  1546 | D:2      | Found a faded altar of an unknown god.
  1698 | D:2      | 1698 ||| Stepping ~*~*~tactically~*~*~ (stealth).
  1699 | D:2      | 1699 ||| Stepping ~*~*~tactically~*~*~ (stealth).
  1723 | D:2      | 1723 ||| Stepping ~*~*~tactically~*~*~ (stealth).
  1727 | D:2      | 1727 ||| Stepping ~*~*~tactically~*~*~ (stealth).
  1982 | D:2      | 1982 ||| Stepping ~*~*~tactically~*~*~ (hiding).
  1983 | D:2      | 1983 ||| Stepping ~*~*~tactically~*~*~ (hiding).
  1984 | D:2      | 1984 ||| Stepping ~*~*~tactically~*~*~ (hiding).
  1986 | D:2      | 1986 ||| Stepping ~*~*~tactically~*~*~ (hiding).
  2132 | D:2      | 2132 ||| Stepping ~*~*~tactically~*~*~ (hiding).
  2142 | D:2      | Reached XP level 4. HP: 28/28 MP: 4/4
  2170 | D:2      | 2170 ||| UPGRADING to amulet of regeneration.
  2175 | D:2      | 2175 ||| READING scroll labelled WADA DEUCOEROZXES.
  2176 | D:2      | 2176 ||| READING scroll labelled XECAHO XIEFER.
  2177 | D:2      | 2177 ||| READING scroll labelled QIUSTI XOKU.
  2178 | D:2      | 2178 ||| READING 3 scrolls of identify.
  2178 | D:2      | 2178 ||| IDENTIFYING green potion
  2179 | D:2      | 2179 ||| READING 2 scrolls of identify.
  2179 | D:2      | 2179 ||| IDENTIFYING fuming sapphire potion
  2180 | D:2      | 2180 ||| DROPPING potion of invisibility.
  2278 | D:3      | Found Kiruo's Book Emporium.
  2316 | D:3      | 2316 ||| DROPPING +0 whip.
  2387 | D:3      | 2387 ||| Stepping ~*~*~tactically~*~*~ (hiding).
  2394 | D:3      | Reached skill level 4 in Axes
  2424 | D:3      | 2424 ||| DROPPING +3 whip.
  2493 | D:3      | Found Iwkieschi's Antique Weapon Emporium.
  2537 | D:3      | Found Ufas's Book Shoppe.
  2587 | D:3      | 2587 ||| Stepping ~*~*~tactically~*~*~ (stealth).
  2766 | D:3      | Found Ucledat's Assorted Antiques.
  2778 | D:3      | 2778 ||| BUYING cloak (76 gold).
  2778 | D:3      | Bought a cloak for 76 gold pieces
  2778 | D:3      | 2778 ||| SHOPLISTING orange potion (15 gold, have 9).
  2778 | D:3      | 2778 ||| SHOPLISTING potion of resistance (170 gold, have
                  | 9).
  2778 | D:3      | 2778 ||| SHOPLISTING scroll of identify (34 gold, have 9).
  2778 | D:3      | 2778 ||| SHOPLISTING scroll of teleportation (51 gold, have
                  | 9).
  2847 | D:3      | 2847 ||| UPGRADING to +0 cloak.
  2852 | D:3      | 2852 ||| READING 2 scrolls labelled XIDEDA ESTRYCZO.
  2853 | D:3      | 2853 ||| READING scroll of enchant armour.
  2853 | D:3      | 2853 ||| ENCHANTING +0 pair of boots.
  2854 | D:3      | 2854 ||| READING 2 scrolls of identify.
  2854 | D:3      | 2854 ||| IDENTIFYING fuming silvery potion
  2855 | D:3      | 2855 ||| DROPPING potion of ambrosia.
  2930 | D:4      | Identified the +3 leather armour "Furaqise" {+Blink Str-3
                  | Int+9}
  2952 | D:4      | Reached XP level 5. HP: 32/32 MP: 5/5
  2991 | D:4      | Noticed Duvessa
  2991 | D:4      | Noticed Dowan
  3003 | D:4      | Killed Dowan
  3004 | D:4      | Reached skill level 5 in Axes
  3009 | D:4      | Killed Duvessa
  3010 | D:4      | Reached XP level 6. HP: 18/39 MP: 6/6
  3290 | D:4      | 3290 ||| Stepping ~*~*~tactically~*~*~ (stealth).
  3291 | D:4      | 3291 ||| Stepping ~*~*~tactically~*~*~ (stealth).
  3294 | D:4      | 3294 ||| Stepping ~*~*~tactically~*~*~ (stealth).
  3298 | D:4      | Reached skill level 1 in Dodging
  3502 | D:4      | 3502 ||| DROPPING +3 leather armour "Furaqise" {+Blink
                  | Str-3 Int+9}.
  3503 | D:4      | 3503 ||| READING 2 scrolls of identify.
  3503 | D:4      | 3503 ||| IDENTIFYING black potion
  3516 | D:5      | Entered Level 5 of the Dungeon
  3526 | D:5      | Reached XP level 7. HP: 44/44 MP: 7/7
  3670 | D:5      | Reached skill level 6 in Axes
  3672 | D:5      | 3672 ||| Stepping ~*~*~tactically~*~*~ (hiding).
  3750 | D:5      | 3750 ||| Stepping ~*~*~tactically~*~*~ (stealth).
  3755 | D:5      | 3755 ||| Stepping ~*~*~tactically~*~*~ (hiding).
  3813 | D:5      | 3813 ||| Stepping ~*~*~tactically~*~*~ (hiding).
  3816 | D:5      | 3816 ||| Stepping ~*~*~tactically~*~*~ (hiding).
  3817 | D:5      | 3817 ||| Stepping ~*~*~tactically~*~*~ (hiding).
  3839 | D:5      | 3839 ||| Stepping ~*~*~tactically~*~*~ (stealth).
  3840 | D:5      | 3840 ||| Stepping ~*~*~tactically~*~*~ (stealth).
  3890 | D:5      | Reached skill level 7 in Axes
  4026 | D:5      | Reached XP level 8. HP: 39/50 MP: 8/8
  4089 | D:5      | Found a basalt altar of Yredelemnul.
  4288 | D:5      | 4288 ||| Stepping ~*~*~tactically~*~*~ (stealth).
  4289 | D:5      | 4289 ||| Stepping ~*~*~tactically~*~*~ (stealth).
  4294 | D:5      | Reached skill level 8 in Axes
  4303 | D:5      | 4303 ||| FLEEEEING.
  4311 | D:5      | 4311 ||| STAIRDANCE
  4321 | D:4      | 4321 ||| UPGRADING to +1 helmet.
  4347 | D:5      | 4347 ||| Stepping ~*~*~tactically~*~*~ (stealth).
  4349 | D:5      | 4349 ||| Stepping ~*~*~tactically~*~*~ (hiding).
  4491 | D:5      | Found a radiant altar of Vehumet.
  4499 | D:5      | 4499 ||| READING scroll labelled HUHIRU MEPP.
  4500 | D:5      | 4500 ||| READING scroll labelled CAOMA LUREDD.
  4501 | D:5      | 4501 ||| READING 2 scrolls of identify.
  4501 | D:5      | 4501 ||| IDENTIFYING bubbling black potion
  4540 | D:6      | Noticed Maggie
  4541 | D:6      | 4541 ||| Stepping ~*~*~tactically~*~*~ (hiding).
  4542 | D:6      | 4542 ||| Stepping ~*~*~tactically~*~*~ (stealth).
  4542 | D:6      | Noticed Sigmund
  4552 | D:6      | Killed Maggie
  4553 | D:6      | Reached skill level 3 in Throwing
  4559 | D:6      | Reached skill level 6 in Fighting
  4561 | D:6      | Killed Sigmund
  4562 | D:6      | Reached XP level 9. HP: 22/56 MP: 9/9
  4662 | D:6      | Found a staircase to the Ecumenical Temple.
  4663 | D:6      | 4663 ||| PLANNING TEMPLE
  4672 | Temple   | Entered the Ecumenical Temple
  4882 | Temple   | 4882 ||| PLANNING D:1-11
  4942 | D:6      | Found an iron altar of Okawaru.
  4943 | D:6      | 4943 ||| PLANNING OKAWARU WORSHIP
  4950 | D:6      | Became a worshipper of Warmaster Okawaru
  4951 | D:6      | 4951 ||| PLANNING D:1-11
  5038 | D:6      | 5038 ||| DROPPING +0 flail.
  5045 | D:6      | Noticed Eustachio
  5059 | D:6      | Killed Eustachio
  5060 | D:6      | Reached skill level 9 in Axes
  5278 | D:7      | 5278 ||| Stepping ~*~*~tactically~*~*~ (hiding).
  5444 | D:7      | 5444 ||| Stepping ~*~*~tactically~*~*~ (cloud).
  5445 | D:7      | 5445 ||| FLEEEEING.
  5447 | D:7      | 5447 ||| FLEEEEING.
  5449 | D:7      | 5449 ||| FLEEEEING.
  5450 | D:7      | 5450 ||| FLEEEEING.
  5453 | D:7      | 5453 ||| STAIRDANCE
  5461 | D:6      | 5461 ||| UPGRADING to +0 kite shield.
  5471 | D:6      | 5471 ||| DROPPING +0 buckler.
  5472 | D:6      | 5472 ||| DRINKING 2 red potions.
  5473 | D:6      | 5473 ||| DROPPING potion of degeneration.
  5476 | D:7      | 5476 ||| Stepping ~*~*~tactically~*~*~ (cloud).
  5573 | D:7      | 5573 ||| Stepping ~*~*~tactically~*~*~ (cloud).
  5583 | D:7      | 5583 ||| Stepping ~*~*~tactically~*~*~ (cloud).
  5585 | D:7      | 5585 ||| Stepping ~*~*~tactically~*~*~ (cloud).
  5605 | D:7      | 5605 ||| DROPPING +4 flail of freezing.
  5665 | D:7      | Reached skill level 6 in Shields
  5716 | D:7      | 5716 ||| Stepping ~*~*~tactically~*~*~ (stealth).
  5726 | D:7      | Reached * piety under Okawaru
  5727 | D:7      | 5727 ||| INVOKING Heroism.
  5731 | D:7      | Reached skill level 1 in Invocations
  5758 | D:7      | 5758 ||| DROPPING +1 flail of protection.
  5956 | D:6      | Found a glowing golden altar of the Shining One.
  5956 | D:6      | Found a blossoming altar of Fedhas.
  5980 | D:8      | 5980 ||| INVOKING Heroism.
  6086 | D:8      | 6086 ||| INVOKING Heroism.
  6093 | D:8      | Reached skill level 3 in Invocations
  6093 | D:8      | Reached XP level 10. HP: 59/61 MP: 9/12
  6106 | D:8      | 6106 ||| INVOKING Heroism.
  6244 | D:8      | 6244 ||| READING scroll of enchant armour.
  6244 | D:8      | 6244 ||| ENCHANTING +1 helmet.
  6354 | D:8      | Noticed Prince Ribbit
  6359 | D:8      | 6359 ||| INVOKING Heroism.
  6374 | D:8      | Killed Prince Ribbit
  6427 | D:8      | 6427 ||| Stepping ~*~*~tactically~*~*~ (stealth).
  6428 | D:8      | 6428 ||| Stepping ~*~*~tactically~*~*~ (stealth).
  6437 | D:8      | 6437 ||| Stepping ~*~*~tactically~*~*~ (stealth).
  6439 | D:8      | 6439 ||| Stepping ~*~*~tactically~*~*~ (hiding).
  6442 | D:8      | 6442 ||| INVOKING Heroism.
  6454 | D:8      | 6454 ||| Stepping ~*~*~tactically~*~*~ (stealth).
  6460 | D:8      | 6460 ||| Stepping ~*~*~tactically~*~*~ (stealth).
  6461 | D:8      | 6461 ||| Stepping ~*~*~tactically~*~*~ (stealth).
  6463 | D:8      | 6463 ||| Stepping ~*~*~tactically~*~*~ (stealth).
  6498 | D:8      | 6498 ||| Stepping ~*~*~tactically~*~*~ (stealth).
  6659 | D:8      | 6659 ||| UPGRADING to +0 plate armour.
  6669 | D:8      | 6669 ||| DROPPING +0 scale mail.
  6670 | D:8      | 6670 ||| DROPPING +0 chain mail.
  6671 | D:8      | 6671 ||| UPGRADING to ring of resist corrosion.
  6672 | D:8      | 6672 ||| READING scroll labelled DAUJO SIDO.
  6673 | D:8      | 6673 ||| READING 2 scrolls of identify.
  6673 | D:8      | 6673 ||| IDENTIFYING bubbling inky potion
  6713 | D:9      | Reached ** piety under Okawaru
  6823 | D:9      | 6823 ||| Stepping ~*~*~tactically~*~*~ (stealth).
  7120 | D:9      | Found a staircase to the Lair.
  7162 | D:9      | 7162 ||| Stepping ~*~*~tactically~*~*~ (stealth).
  7199 | D:9      | 7199 ||| Stepping ~*~*~tactically~*~*~ (stealth).
  7200 | D:9      | 7200 ||| Stepping ~*~*~tactically~*~*~ (stealth).
  7246 | D:9      | 7246 ||| Stepping ~*~*~tactically~*~*~ (stealth).
  7249 | D:9      | 7249 ||| Stepping ~*~*~tactically~*~*~ (stealth).
  7254 | D:9      | 7254 ||| Stepping ~*~*~tactically~*~*~ (hiding).
  7258 | D:9      | 7258 ||| INVOKING Heroism.
  7267 | D:9      | Reached skill level 6 in Armour
  7271 | D:9      | Reached skill level 9 in Shields
  7322 | D:9      | 7322 ||| Stepping ~*~*~tactically~*~*~ (hiding).
  7444 | D:9      | 7444 ||| Stepping ~*~*~tactically~*~*~ (hiding).
  7447 | D:9      | 7447 ||| INVOKING Heroism.
  7469 | D:9      | Found a broken altar of Ashenzari.
  7550 | D:9      | 7550 ||| INVOKING Heroism.
  7621 | D:9      | 7621 ||| Stepping ~*~*~tactically~*~*~ (stealth).
  7622 | D:9      | 7622 ||| Stepping ~*~*~tactically~*~*~ (stealth).
  7624 | D:9      | 7624 ||| INVOKING Heroism.
  7626 | D:9      | 7626 ||| Stepping ~*~*~tactically~*~*~ (stealth).
  7647 | D:9      | 7647 ||| Stepping ~*~*~tactically~*~*~ (stealth).
  7648 | D:9      | 7648 ||| Stepping ~*~*~tactically~*~*~ (stealth).
  7713 | D:9      | 7713 ||| PLANNING LAIR
  7713 | D:9      | 7713 ||| READING scroll labelled YWEFAD ZIGO.
  7714 | D:9      | 7714 ||| READING scroll labelled OPASTER HYRHIO.
  7743 | Lair:1   | Entered Level 1 of the Lair of Beasts
  7790 | Lair:1   | Noticed a black mamba
  7791 | Lair:1   | 7791 ||| INVOKING Heroism.
  7801 | Lair:1   | Killed a black mamba
  7814 | Lair:1   | 7814 ||| READING scroll of enchant weapon.
  7814 | Lair:1   | 7814 ||| ENCHANTING +1 war axe of draining.
  7830 | Lair:1   | Reached skill level 10 in Axes
  7958 | Lair:1   | 7958 ||| INVOKING Heroism.
  7964 | Lair:1   | Reached XP level 11. HP: 67/67 MP: 11/14
  8148 | Lair:1   | Noticed a boulder beetle
  8150 | Lair:1   | 8150 ||| INVOKING Heroism.
  8164 | Lair:1   | Killed a boulder beetle
  8164 | Lair:1   | Reached *** piety under Okawaru
  8579 | Lair:1   | 8579 ||| READING 2 scrolls of identify.
  8579 | Lair:1   | 8579 ||| IDENTIFYING murky blue potion
  8580 | Lair:1   | 8580 ||| DRINKING potion of experience.
  8580 | Lair:1   | Reached skill level 12 in Axes
  8580 | Lair:1   | Reached XP level 12. HP: 73/73 MP: 15/15
  8591 | Lair:2   | Noticed a death yak
  8591 | Lair:2   | Noticed a death yak
  8591 | Lair:2   | Noticed a death yak
  8592 | Lair:2   | 8592 ||| INVOKING Heroism.
  8592 | Lair:2   | Noticed a seven-headed hydra
  8593 | Lair:2   | 8593 ||| STAIRDANCE
  8601 | Lair:1   | Killed a death yak
  8619 | Lair:2   | 8619 ||| STAIRDANCE
  8621 | Lair:1   | 8621 ||| INVOKING Heroism.
  8622 | Lair:1   | 8622 ||| SWAPPING to +2 hand axe of flaming.
  8630 | Lair:1   | Killed a one-headed hydra
  8631 | Lair:1   | 8631 ||| SWAPPING to +2 war axe of draining.
  8666 | Lair:2   | 8666 ||| STAIRDANCE
  8668 | Lair:1   | 8668 ||| INVOKING Heroism.
  8681 | Lair:1   | Killed a death yak
  8690 | Lair:2   | Noticed a death yak
  8692 | Lair:2   | 8692 ||| STAIRDANCE
  8696 | Lair:1   | Killed a death yak
  8697 | Lair:1   | 8697 ||| INVOKING Heroism.
  8699 | Lair:1   | Killed a death yak
  8721 | Lair:2   | Noticed a death yak
  8722 | Lair:2   | 8722 ||| STAIRDANCE
  8728 | Lair:1   | 8728 ||| INVOKING Heroism.
  8738 | Lair:1   | Killed a death yak
  8738 | Lair:1   | Reached **** piety under Okawaru
  8748 | Lair:2   | 8748 ||| STAIRDANCE
  8794 | Lair:2   | 8794 ||| INVOKING Heroism.
  8877 | Lair:2   | 8877 ||| Stepping ~*~*~tactically~*~*~ (hiding).
  8910 | Lair:2   | 8910 ||| INVOKING Heroism.
  8922 | Lair:2   | Reached skill level 9 in Fighting
  9097 | Lair:2   | 9097 ||| INVOKING Heroism.
  9222 | Lair:2   | 9222 ||| Stepping ~*~*~tactically~*~*~ (stealth).
  9224 | Lair:2   | 9224 ||| INVOKING Heroism.
  9243 | Lair:2   | 9243 ||| Stepping ~*~*~tactically~*~*~ (stealth).
  9249 | Lair:2   | Reached skill level 6 in Invocations
  9571 | Lair:2   | 9571 ||| Stepping ~*~*~tactically~*~*~ (stealth).
  9580 | Lair:2   | Reached ***** piety under Okawaru
  9653 | Lair:2   | 9653 ||| DROPPING +6 ring of intelligence.
  9654 | Lair:2   | 9654 ||| READING scroll labelled URYSTR XOTARERGHA.
  9679 | Lair:3   | 9679 ||| INVOKING Heroism.
  9684 | Lair:3   | Reached skill level 9 in Armour
  9712 | Lair:3   | Reached XP level 13. HP: 67/80 MP: 18/18
  9729 | Lair:3   | 9729 ||| Stepping ~*~*~tactically~*~*~ (stealth).
  9730 | Lair:3   | 9730 ||| Stepping ~*~*~tactically~*~*~ (stealth).
  9732 | Lair:3   | 9732 ||| INVOKING Heroism.
  9754 | Lair:3   | Noticed Kirke
  9755 | Lair:3   | 9755 ||| INVOKING Heroism.
  9756 | Lair:3   | 9756 ||| INVOKING Finesse.
  9776 | Lair:3   | Killed Kirke
  9899 | Lair:3   | 9899 ||| Stepping ~*~*~tactically~*~*~ (stealth).
  9901 | Lair:3   | 9901 ||| Stepping ~*~*~tactically~*~*~ (stealth).
  9903 | Lair:3   | 9903 ||| Stepping ~*~*~tactically~*~*~ (water).
 10007 | Lair:3   | 10007 ||| Stepping ~*~*~tactically~*~*~ (stealth).
 10008 | Lair:3   | 10008 ||| Stepping ~*~*~tactically~*~*~ (stealth).
 10050 | Lair:3   | 10050 ||| INVOKING Heroism.
 10086 | Lair:3   | 10086 ||| INVOKING Heroism.
 10091 | Lair:3   | 10091 ||| Stepping ~*~*~tactically~*~*~ (hiding).
 10108 | Lair:3   | 10108 ||| INVOKING Finesse.
 10109 | Lair:3   | 10109 ||| SWAPPING to +2 hand axe of flaming.
 10120 | Lair:3   | Identified the +1 scale mail "Opranum" {*Corrode *Slow +Inv
                  | Regen+} (Okawaru gifted it to you on level 3 of the Lair of
                  | Beasts)
 10120 | Lair:3   | Received a gift from Okawaru
 10121 | Lair:3   | Reached skill level 9 in Invocations
 10121 | Lair:3   | 10121 ||| SWAPPING to +2 war axe of draining.
 10148 | Lair:3   | 10148 ||| INVOKING Heroism.
 10150 | Lair:3   | 10150 ||| Stepping ~*~*~tactically~*~*~ (water).
 10246 | Lair:3   | 10246 ||| Stepping ~*~*~tactically~*~*~ (stealth).
 10248 | Lair:3   | 10248 ||| FLEEEEING.
 10249 | Lair:3   | 10249 ||| FLEEEEING.
 10250 | Lair:3   | 10250 ||| FLEEEEING.
 10251 | Lair:3   | 10251 ||| FLEEEEING.
 10252 | Lair:3   | 10252 ||| FLEEEEING.
 10253 | Lair:3   | 10253 ||| FLEEEEING.
 10261 | Lair:3   | 10261 ||| FLEEEEING.
 10262 | Lair:3   | 10262 ||| FLEEEEING.
 10263 | Lair:3   | 10263 ||| FLEEEEING.
 10264 | Lair:3   | 10264 ||| STAIRDANCE
 10366 | Lair:2   | 10366 ||| DRINKING 2 smoky cyan potions.
 10367 | Lair:2   | 10367 ||| READING 3 scrolls of identify.
 10367 | Lair:2   | 10367 ||| IDENTIFYING orange potion
 10368 | Lair:2   | 10368 ||| READING 2 scrolls of identify.
 10368 | Lair:2   | 10368 ||| IDENTIFYING amethyst potion
 10369 | Lair:2   | 10369 ||| DROPPING potion of berserk rage.
 10372 | Lair:3   | 10372 ||| INVOKING Heroism.
 10373 | Lair:3   | 10373 ||| SWAPPING to +2 hand axe of flaming.
 10385 | Lair:3   | 10385 ||| SWAPPING to +2 war axe of draining.
 10511 | Lair:3   | Reached skill level 13 in Axes
 10549 | Lair:3   | Found a hole to the Spider Nest.
 10609 | Lair:3   | Found a staircase to the Swamp.
 10740 | Lair:4   | 10740 ||| INVOKING Heroism.
 10741 | Lair:4   | 10741 ||| STAIRDANCE
 10743 | Lair:3   | 10743 ||| INVOKING Finesse.
 10789 | Lair:4   | 10789 ||| STAIRDANCE
 10791 | Lair:3   | 10791 ||| INVOKING Heroism.
 10792 | Lair:3   | 10792 ||| INVOKING Finesse.
 10792 | Lair:3   | HP: 16/82 [death yak (16)]
 10793 | Lair:3   | 10793 ||| READING 10 scrolls of teleportation.
 10793 | Lair:3   | HP: 7/82 [death yak (10)]
 10793 | Lair:3   | Slain by a death yak

Levels and vault maps discovered:
D:1:      dpeg_arrival_water_fire, layout_basic, minmay_quantized
D:2:      layout_loops_cross, shapermc_ecumenical_altar_rom_forum
D:3:      layout_loops_ring, serial_shops, shop, shop, nicolae_shop_statue_plus,
          shop
D:4:      layout_basic, uniq_duvessa
D:5:      minmay_razor_zed, layout_basic, lemuel_coloured_pillars_altar,
          mainiacjoe_overflow_alcove_4
D:6:      layout_cave_pools, mainiacjoe_overflow_small_starburst,
          nicolae_overflow_hidden_temple, minmay_temple_entry_proselytizer,
          uniq_sigmund, uniq_maggie, uniq_eustachio
D:7:      layout_rooms
D:8:      layout_rooms, kennysheep_kite_vault, uniq_prince_ribbit1
D:9:      layout_loops_corners, mainiacjoe_overflow_alcove_2, lair_entry_dummy,
          minmay_strange_pillars
Temple:   eino_temple_water
Lair:1:   layout_roguey, nzn_sisyphean_effort
Lair:2:   layout_loops_ring, beast_lair_carwin_3, lemuel_fruit_tree,
          serial_bayou_shore_b
Lair:3:   layout_misc_corridors, palyth_hydra_swamp_entry,
          spider_nest_entry_funnel_web, serial_bayou_pond_d,
          eino_small_chamber_without_monster, nicolae_quartered_pool_super,
          uniq_kirke
Lair:4:   layout_regular_city, minmay_slime_entry_oklob_open,
          nicolae_volcano_entry_two_sided, serial_rivers,
          chequers_serial_rivers_marsh, chequers_serial_rivers_large_a,
          chequers_serial_rivers_micro_a, chequers_serial_rivers_micro_e,
          chequers_serial_rivers_small_3, chequers_serial_rivers_micro_a

Skill      XL: |  1  2  3  4  5  6  7  8  9 10 11 12 13 |
---------------+----------------------------------------+-----
Axes           | 2 3 4 5 7 8 9 10 12 13 | 13.0
Throwing       | 1 3 |  3.6
Fighting       | 4 5 6 7 8 9 10 | 10.0
Dodging        | 1 2 |  2.0
Shields        | 7 9 10 | 10.9
Invocations    | 3 4 7 9 |  9.4
Armour         | 6 7 9 |  9.0

Action                   |  1- 3 |  4- 6 |  7- 9 | 10-12 | 13-15 || total
-------------------------+-------+-------+-------+-------+-------++-------
Melee: War axe           |    77 |    77 |   236 |   339 |   141 ||   870
       Hand axe          |       |       |       |     8 |    22 ||    30
Throw: Javelin           |    17 |    24 |    23 |    46 |     4 ||   114
       Boomerang         |       |       |    12 |    15 |     9 ||    36
Invok: Heroism           |       |       |     3 |    20 |     8 ||    31
       Finesse           |       |       |       |       |     4 ||     4
  Use: Scroll            |     6 |     9 |     3 |     8 |     3 ||    29
       Potion            |       |       |     1 |     1 |     1 ||     3
Armor: Scale mail        |    26 |    40 |   137 |    49 |       ||   252
       Plate armour      |       |       |       |   142 |   111 ||   253
Dodge: Dodged            |    27 |    39 |    91 |    75 |    49 ||   281
Block: Buckler           |    10 |    10 |    25 |       |       ||    45
       Kite shield       |       |       |    37 |   178 |    99 ||   314

Table legend:
 A = Non-vault XP
 B = Vault XP
 C = Vault XP percentage of total XP
 D = Non-vault monster count
 E = Vault monster count
 F = Vault count percentage of total count
                 A         B        C        D         E       F
            +---------+---------+-------+---------+---------+-------
      Total |   22534 |   10658 |  32.1 |     216 |      61 |  22.0
            +---------+---------+-------+---------+---------+-------
        D:1 |      13 |       7 |  35.0 |       7 |       4 |  36.4
        D:2 |      62 |       0 |   0.0 |      22 |       0 |   0.0
        D:3 |      73 |       0 |   0.0 |      20 |       0 |   0.0
        D:4 |     150 |     216 |  59.0 |      13 |       2 |  13.3
        D:5 |     750 |     471 |  38.6 |      17 |      13 |  43.3
        D:6 |     447 |     854 |  65.6 |       9 |       4 |  30.8
        D:7 |    1207 |       0 |   0.0 |      20 |       0 |   0.0
        D:8 |     773 |    1703 |  68.8 |      18 |      17 |  48.6
        D:9 |    1663 |       0 |   0.0 |      22 |       0 |   0.0
     Lair:1 |    6575 |     838 |  11.3 |      12 |       1 |   7.7
     Lair:2 |    3602 |     939 |  20.7 |      13 |       6 |  31.6
     Lair:3 |    7219 |    5630 |  43.8 |      43 |      14 |  24.6
            +---------+---------+-------+---------+---------+-------
